Unix NetHack Version 5.0.0-0 post-release - last build Jun 10 2026 00:39:30 (3ee93aec679c4c4259841fe613dc97188e26a321,branch:main).

Game began 2026-06-28 15:02:18, ended 2026-06-28 15:28:46.

Japes, lawful male human Monk

                                             ---         ---------------------
                                     ---      ..  -      |...................--
                                     -... - ---.  .---   |..---------...----..|
                                       ....  .... ...|   |....------..---  |..|
                                         @..  ... ...|   |...........--    ----
                                           ...-...-..    |.........--|
                                             .....|..|   |...........|
                                              |......-----...........--
                                              |....%h.................|
                                              ----|%.%q.)....`.......--
                                                  |..@----%.[.....<..---
                                                  |..%-..|.--..........|
                                                  |...|..|.|-..........|
                                              --+--.o.----.|...).......--
                                              |........|  .|-...........|
                                              -.....#..|  .||..--......--
                                             ....{....--  .|-..|--.....|
                                           ...#....|..-  ..|.--- |....--
                                         ...  ....-|..   .. .    --...|
                                        ----  -..- ----  -.|      |..--
                                              ---        ---      ----
Japes the Initiate              St:17 Dx:16 Co:13 In:9 Wi:13 Ch:9  Lawful
Dlvl:6  $:20 HP:0(41) Pw:33(33) AC:4  Xp:6/554 T:1671  Burdened

Latest messages:
 You kill the gnome!
 This door is locked.
 Unlock it with your key? [ynq] (q)
 You succeed in unlocking the door.
 The door opens.
 You hear crashing rock.
 You hit the gnome!
 You feel an unexpected draft.
 You kill the gnome!
 The gnome lord hits!
 You hit the gnome lord!
 You kill the gnome lord!
 You hear someone beseeching Chih Sung-tzu.
 The gnome misses!
 You kill the gnome!
 You hear crashing rock.
 The rothe misses!
 The rothe just misses!
 The rothe misses!
 You hit the rothe!
 The rothe hits!
 The rothe bites!
 The rothe bites again!
 You kill the rothe!
 The rothe hits!
 The rothe misses!
 The rothe bites!
 You hear a door open.
 You hit the rothe!
 The rothe hits!
 The rothe bites!
 The rothe bites again!
 You hit the rothe!
 The rothe hits!
 The rothe misses!
 The rothe misses!
 The rothe hits!
 The rothe misses!
 The rothe bites!
 You hit the rothe!
 The rothe hits!
 The rothe bites!
 The rothe just misses!
 You kill the rothe!
 The rothe misses!
 The rothe misses!
 The rothe bites!
 You die...
 Do you want your possessions identified? [ynq] (y)
 Do you want to see your attributes? [ynq] (y)

Inventory:
 Coins    ('$')
  $ - 20 gold pieces
 Weapons  (')')
  K - 11 +0 arrows
  y - 12 +0 crossbow bolts
  L - a +0 bow
  N - a +0 bow
  E - a +0 crossbow
  J - a +0 boomerang
  m - 15 +0 darts
  z - 3 +0 daggers
  u - 5 cursed -3 daggers
  Y - a +0 elven dagger
  P - a rustproof +0 orcish dagger
  n - a +0 orcish dagger
  R - a +1 aklys
  I - a cursed +0 aklys
 Armor    ('[')
  Q - an uncursed +0 orcish helm
  a - a blessed +2 pair of leather gloves (being worn)
  b - an uncursed +1 robe (being worn)
 Comestibles  ('%')
  g - 6 uncursed apples
  f - 3 uncursed food rations
  i - 4 uncursed fortune cookies
  h - 7 uncursed oranges
  q - an uncursed egg
 Scrolls  ('?')
  c - an uncursed scroll of food detection
  M - an uncursed scroll of magic mapping
  D - a cursed scroll of punishment
 Spellbooks  ('+')
  o - an uncursed spellbook of haste self
  j - a blessed spellbook of healing
 Potions  ('!')
  w - an uncursed potion of extra healing
  e - 2 blessed potions of healing
  d - 2 uncursed potions of healing
  F - a cursed potion of monster detection
  l - a potion of holy water
 Wands    ('/')
  H - a wand of digging (0:6)
  Z - a wand of polymorph (0:7)
 Tools    ('(')
  r - a cursed tooled horn
  k - a magic marker (0:20)
  U - an uncursed magic whistle
  W - an uncursed pair of lenses
  x - a +0 pick-axe
  B - an uncursed skeleton key
  p - an uncursed towel
 Gems/Stones  ('*')
  A - an uncursed jacinth stone
  T - an uncursed worthless piece of green glass
  G - 3 uncursed worthless pieces of violet glass
  X - an uncursed worthless piece of white glass
  O - 2 uncursed worthless pieces of yellow glass

Japes the Monk's attributes:

Background:
 You were an Initiate, a level 6 male human Monk.
 You were lawful, nominally on a mission for Shan Lai Ching
 who was opposed by Chih Sung-tzu (neutral) and Huan Ti (chaotic).
 You were left-handed.
 You were in the Gnomish Mines, on level 6.
 You entered the dungeon 1671 turns ago.
 You had 554 experience points, 86 more were needed to attain level 7.

Basics:
 You had 0 out of 41 hit points.
 You had all 33 energy points (spell power).
 Your armor class was 4.
 Your wallet contained 20 zorkmids.
 Autopickup was on for '$' plus thrown.

Final Characteristics:
 Your strength was 17 (limit:18/100).
 Your dexterity was 16 (limit:18).
 Your constitution was 13 (limit:18).
 Your intelligence was 9 (limit:18).
 Your wisdom was 13 (limit:18).
 Your charisma was 9 (limit:18).

Final Status:
 You weren't hungry.
 You were burdened; movement was slightly slowed.
 You were empty handed.
 You had basic skill with martial arts and could have enhanced that.

Final Attributes:
 You were devoutly aligned.
 You were sleep resistant.
 You were poison resistant.
 You saw invisible.
 You were stealthy.
 You were guarded.
 Your spell casting was enhanced by wearing a robe.
 You were fast.
 You are dead.

Miscellaneous:
 You didn't encounter any bones levels.
 Total elapsed playing time was 26 minutes and 27 seconds.

Major events:
 Turn
    1: Japes the lawful male human Monk entered the dungeon
  341: entered the Gnomish Mines
  368: attained the rank of Novice (level 3)
 1264: attained the rank of Initiate (level 6)
 1562: reached Mine Town
 1671: killed by a rothe

Spells:
 Name                 Level Category     Fail Retention
 healing                1   healing        0%  91%-100%
 haste self             3   escape        88%  76%-100%

Skills:
 Fighting Skills
   martial arts       [Basic]
 Weapon Skills
   quarterstaff       [Unskilled]
   spear              [Unskilled]
   crossbow           [Unskilled]
   shuriken           [Unskilled]
 Spellcasting Skills
   attack spells      [Unskilled]
   healing spells     [Basic]
   divination spells  [Unskilled]
   enchantment spells [Unskilled]
   clerical spells    [Unskilled]
   escape spells      [Unskilled]
   matter spells      [Unskilled]

Voluntary challenges:
 Character rerolling was not enabled.
 You were vegetarian.
 You were an atheist.
 You never hit with a wielded weapon.
 You never genocided any monsters.
 You never polymorphed an object.
 You never changed form.
 You used no wishes.
Achievements:
 You entered the Gnomish Mines.
 You attained the rank of Novice.
 You attained the rank of Initiate.
 You entered Minetown.

 The Dungeons of Doom: levels 1 to 2
    Level 1:
       A sink.
    Level 2:
       A fountain.
       Stairs down to The Gnomish Mines.
 The Gnomish Mines: levels 3 to 6
    Level 3:
    Level 4:
    Level 5:
    Level 6: <- You were here.
       A fountain, some trees.
       Final resting place for
          you, killed by a rothe.


Vanquished creatures:
  a leprechaun
  2 shriekers
  9 gnome leaders
  a gnomish wizard
  a giant ant
  2 dwarves
  2 rothes
  2 orc zombies
  a dwarf zombie
  a wererat
  2 iguanas
  4 coyotes
  2 manes
  a red mold
 33 gnomes
  2 geckos
  a fox
  a kobold
  3 goblins
  a grid bug
  a lichen
  2 newts
75 creatures vanquished.

No species were genocided or became extinct.

Game over:
                       ----------
                      /          \
                     /    REST    \
                    /      IN      \
                   /     PEACE      \
                  /                  \
                  |      Japes       |
                  |      20 Au       |
                  |   killed by a    |
                  |      rothe       |
                  |                  |
                  |                  |
                  |       2026       |
                 *|     *  *  *      | *
        _________)/\\_//(\/(/\)/\//\/|_)_______

Goodbye Japes the Monk...

You died in The Gnomish Mines on dungeon level 6 with 2494 points,
and 20 pieces of gold, after 1671 moves.
You were level 6 with a maximum of 41 hit points when you died.

